 Dungeon Crawl Stone Soup version 0.20-a0-910-gb611367 (webtiles) character file.

262 Tenebris the Slasher (level 5, -2/46 HPs)
             Began as a Minotaur Fighter on Mar 23, 2017.
             Slain by Grinder (5 damage)
             ... while paralysed by Grinder
             ... on level 4 of the Dungeon.
             The game lasted 00:03:41 (1948 turns).

Tenebris the Slasher (Minotaur Fighter)             Turns: 1948, Time: 00:03:42

Health: -2/46      AC:  7    Str: 21    XL:     5   Next: 97%
Magic:  4/4        EV:  2    Int:  5    God:
Gold:   130        SH:  0    Dex: 12    Spells: 4/4 levels left

rFire    . . .     SeeInvis .   l - +0 short sword (speed)
rCold    + . .     Gourm    .   b - +0 scale mail
rNeg     . . .     Faith    .   c - +0 shield
rPois    .         Spirit   .   (helmet restricted)
rElec    .         Reflect  .   (no cloak)
rCorr    .         Harm     .   (no gloves)
MR       .....                  (no boots)
Stlth    ..........             (no amulet)
Regen    0.2/turn               (no ring)
MPRegen  0.1/turn               o - ring of protection from cold

@: paralysed
A: retaliatory headbutt, horns 2, rugged brown scales 1, thin skeletal structure
1, no potion heal 1, subdued magic 1
a: no special abilities


You were on level 4 of the Dungeon.
You were not hungry.

You visited 1 branch of the dungeon, and saw 4 of its levels.

You collected 130 gold pieces.

Inventory:

Hand Weapons
 a - a +0 long sword
 l - a +0 short sword of speed (weapon)
Armour
 b - a +0 scale mail (worn)
 c - a +0 shield (worn)
Jewellery
 n - an uncursed ring of positive energy {unknown}
 o - a ring of protection from cold (left hand)
 r - an uncursed ring of protection from cold
 u - a +2 ring of evasion {unknown}
Scrolls
 e - a scroll of enchant armour {unknown}
 i - 2 scrolls of magic mapping {unknown}
 j - a scroll of fog {unknown}
 k - a scroll of teleportation {unknown}
 p - 2 scrolls of remove curse {unknown}
 q - a scroll of amnesia {unknown}
 t - a scroll of random uselessness {unknown}
Potions
 g - 2 potions of brilliance
Comestibles
 d - 3 chunks of flesh
 f - 6 bread rations
 h - 2 fruits
 m - a royal jelly
 s - a meat ration


   Skills:
 - Level 3.6 Fighting
 + Level 7.6 Long Blades
 - Level 3.6 Armour
 - Level 3.6 Shields


You had 4 spell levels left.
You didn't know any spells.

Dungeon Overview and Level Annotations

Branches:
Dungeon (4/15)
 Temple: D:4-7

Altars:

Annotations:
D:4 Grinder


Innate Abilities, Weirdness & Mutations

You reflexively headbutt those who attack you in melee.
You have a pair of horns on your head.
You are partially covered in rugged brown scales. (AC +1, +3% HP)
You have a somewhat thin skeletal structure. (Dex +2, Stealth)
Potions are less effective at restoring your health.
Your spells are a little easier to cast, but a little less powerful.


Message History

You closely miss Grinder.
Grinder is moderately wounded.
Grinder blinks!
Found a stone staircase leading up.
You hit Grinder but do no damage.
Grinder is moderately wounded.
Grinder hits you.
* * * LOW HITPOINT WARNING * * *
You writhe in agony.
* * * LOW HITPOINT WARNING * * *
You hit Grinder but do no damage. Your headbutt misses Grinder.
Grinder is moderately wounded.
You hit Grinder but do no damage.
Grinder is moderately wounded.
Grinder gestures at you.
You suddenly lose the ability to move!
A worker ant comes into view.
The worker ant twitches its antennae in your direction.
Grinder hits you.
You die...

...........#.#
#.##########.### #.#
#...## #.# #.###.# #'##
#. #.# ...## #.###.#
....## ##...## .....##
##.#.###### ......#
#......@5.#
......+................<
......####....####.#.a..
.....## ##.... .# #.#
....## ##.!. # # ...##
#... #'## ##..# #.# #.
#.#


You could see Grinder and a worker ant.

Vanquished Creatures
  A scorpion (D:4)
  An orc wizard (D:3)
  A worker ant (D:4)
  10 adders
  An ooze (D:3)
  A worm (D:2)
  A dart slug (D:3)
  5 leopard geckos
  3 orcs (D:3)
  A giant cockroach (D:3)
  5 goblins
  6 hobgoblins
  6 jackals
  6 bats (D:1)
  4 frilled lizards
  5 kobolds
  9 rats
66 creatures vanquished.

Notes
Turn   | Place    | Note
-------+----------+-------------------------------------------
     0 | D:1      | Tenebris the Minotaur Fighter began the quest for the Orb.
     0 | D:1      | Reached XP level 1. HP: 19/19 MP: 0/0
    79 | D:1      | Reached skill level 3 in Long Blades
   175 | D:1      | Reached XP level 2. HP: 26/26 MP: 1/1
   531 | D:1      | Reached skill level 4 in Long Blades
   602 | D:2      | Reached XP level 3. HP: 26/31 MP: 2/2
   695 | D:2      | Gained mutation: You are partially covered in rugged brown scales. (AC +1, +3% HP) [potion of mutation]
   695 | D:2      | Gained mutation: Your spells are a little easier to cast, but a little less powerful. [potion of mutation]
   695 | D:2      | Gained mutation: Potions are less effective at restoring your health. [potion of mutation]
   695 | D:2      | Gained mutation: You have a somewhat thin skeletal structure. (Dex +2, Stealth) [potion of mutation]
   767 | D:2      | Reached skill level 5 in Long Blades
   906 | D:2      | Reached XP level 4. HP: 40/40 MP: 3/3
  1183 | D:3      | Reached skill level 6 in Long Blades
  1507 | D:3      | Reached XP level 5. HP: 46/46 MP: 4/4
  1848 | D:4      | Reached skill level 7 in Long Blades
  1929 | D:4      | Noticed Grinder
  1931 | D:4      | Paralysed by Grinder for 7 turns
  1945 | D:4      | HP: 2/46 [Grinder (2)]
  1947 | D:4      | Paralysed by Grinder for 6 turns
  1948 | D:4      | Slain by Grinder

Vault maps used:
D:1:      saegor_arrival_simple_e, minmay_statues_item, hangedman_decor_growths
D:3:      first_bread
D:4:      uniq_grinder

Skill      XL: |  1  2  3  4  5 |
---------------+----------------+-----
Long Blades    | 3 4 5 6 7 |  7.6
Fighting       | |  3.6
Armour         | |  3.6
Shields        | |  3.6

Action                   |  1- 3 |  4- 6 || total
-------------------------+-------+-------++-------
Melee: Long sword        |    15 |       ||    15
       Short sword       |    68 |   129 ||   197
       Headbutt          |    11 |    25 ||    36
  Use: Potion            |     3 |     1 ||     4
  Eat: Chunk             |       |     3 ||     3
Armor: Scale mail        |    24 |    34 ||    58
Dodge: Dodged            |    21 |    21 ||    42
Block: Shield            |    26 |    33 ||    59
       Rpst.: Long sword |     3 |       ||     3
